MAA
VIRGINIA BEACH DEUCES @ ST. ALBERT PRODIGY
07/31/2018
 
TOP OF THE 1ST
Virginia Beach Deuces batting - Pitching for St. Albert Prodigy : RHP John Ashley
Pitching: RHP John Ashley
Batting: RHB Joel Frazier 0-0: Ball
1-0: Ball
2-0: Ball
3-0: Base on Balls
Batting: RHB Roosevelt Gibson 0-0: Ball
1-0: Called Strike
1-1: Ball
2-1: Ball
3-1: Called Strike
3-2: Base on Balls
Joel Frazier to second
Batting: SHB Daryl Lloyd 0-0: Ball
1-0: Ball
2-0: Called Strike
2-1: Called Strike
2-2: Foul Ball, location: 2F
2-2: Foul Ball, location: 2F
2-2: Foul Ball, location: 2F
2-2: Foul Ball, location: 2F
2-2: Foul Ball, location: 2F
2-2: Ball
3-2: Base on Balls
Joel Frazier to third
Roosevelt Gibson to second
Batting: LHB Álex Burgos 0-0: Ball
1-0: Called Strike
1-1: Called Strike
1-2: Ground out U3 (Groundball, 3S)
Joel Frazier scores
Roosevelt Gibson to third
Daryl Lloyd to second
Batting: RHB Travis Brumback 0-0: Ball
1-0: Foul Ball, location: 2F
1-1: Ball
2-1: Ball
3-1: Called Strike
3-2: Strikes out swinging
Batting: RHB Álex Escobar 0-0: Ball
1-0: Ball
2-0: Called Strike
2-1: Foul Ball, location: 2F
2-2: Fly out, F7 (Flyball, 7LM)
Top of the 1st over - 1 run(s), 0 hit(s), 0 error(s), 2 left on base; Virginia Beach 1 - St. Albert 0
BOTTOM OF THE 1ST
St. Albert Prodigy batting - Pitching for Virginia Beach Deuces : LHP Jim Unknown
Pitching: LHP Jim Unknown
Batting: RHB Anthony Trujillo 0-0: Foul Ball, location: 2F
0-1: SINGLE (Line Drive, 4MD)
Batting: RHB Jim Unknown 0-0: Ball
1-0: Fly out, F8 (Flyball, 8LM)
Batting: RHB Bruce Reiser 0-0: Ball
1-0: Fly out, F9 (Flyball, 9LM)
Batting: RHB Bernardo Burgos 0-0: Called Strike
0-1: Foul Ball, location: 2F
0-2: Ball
1-2: Foul Ball, location: 2F
1-2: Strikes out swinging
Bottom of the 1st over - 0 run(s), 1 hit(s), 0 error(s), 1 left on base; Virginia Beach 1 - St. Albert 0
TOP OF THE 2ND
Virginia Beach Deuces batting - Pitching for St. Albert Prodigy : RHP John Ashley
Batting: RHB Armando Hernández 0-0: Ball
1-0: DOUBLE (Flyball, 89XD)
Batting: RHB Orlando Sánchez 0-0: Fly out, F8 (Flyball, 8RXD)
Runner from 2nd tags up, SAFE at 3rd, no throw
Batting: SHB Mike Bell 0-0: Ball
1-0: Called Strike
1-1: Ball
2-1: Ground out 4-3 (Groundball, 4)
Armando Hernández scores
Batting: RHB Joel Frazier 0-0: Fly out, F7 (Line Drive, 7M)
Top of the 2nd over - 1 run(s), 1 hit(s), 0 error(s), 0 left on base; Virginia Beach 2 - St. Albert 0
BOTTOM OF THE 2ND
St. Albert Prodigy batting - Pitching for Virginia Beach Deuces : LHP Jim Unknown
Batting: SHB Monte Adams 0-0: SINGLE (Groundball, 56D)
Batting: RHB Larry Mason 0-0: Called Strike
0-1: Fly out, F7 (Flyball, 7M)
Batting: RHB Mario Zuziela 0-0: Ball
1-0: Ball
2-0: Called Strike
2-1: Ball
3-1: SINGLE (Flyball, 4MD)
Monte Adams to second
Batting: RHB Harrison Blackford 0-0: Called Strike
0-1: DOUBLE (Line Drive, 9LM)
Monte Adams scores
Mario Zuziela to third
Batting: LHB Abel Kelly 0-0: Called Strike
0-1: Fly out, F8 (Flyball, 8LM)
Runner from 3rd tags up, SCORES, throw made
Batting: RHB Anthony Trujillo 0-0: Ball
1-0: Called Strike
1-1: Ball
2-1: Fly out, F4 (Popup, 34D)
Bottom of the 2nd over - 2 run(s), 3 hit(s), 0 error(s), 1 left on base; Virginia Beach 2 - St. Albert 2
TOP OF THE 3RD
Virginia Beach Deuces batting - Pitching for St. Albert Prodigy : RHP John Ashley
Batting: RHB Roosevelt Gibson 0-0: Called Strike
0-1: Ball
1-1: Swinging Strike
1-2: Ball
2-2: Foul Ball, location: 2F
2-2: Strikes out swinging
Batting: SHB Daryl Lloyd 0-0: Called Strike
0-1: Ball
1-1: Fly out, F7 (Flyball, 7S)
Batting: LHB Álex Burgos 0-0: Called Strike
0-1: Ball
1-1: Ball
2-1: Foul Ball, location: 2F
2-2: Ball
3-2: Strikes out swinging
Top of the 3rd over - 0 run(s), 0 hit(s), 0 error(s), 0 left on base; Virginia Beach 2 - St. Albert 2
BOTTOM OF THE 3RD
St. Albert Prodigy batting - Pitching for Virginia Beach Deuces : LHP Jim Unknown
Batting: RHB Jim Unknown 0-0: Called Strike
0-1: Swinging Strike
0-2: Ball
1-2: Fly out, F7 (Flyball, 7LS)
Batting: RHB Bruce Reiser 0-0: Fly out, F8 (Flyball, 8RXD)
Batting: RHB Bernardo Burgos 0-0: Foul Ball, location: 2F
0-1: Ball
1-1: Ground out 4-3 (Groundball, 13)
Bottom of the 3rd over - 0 run(s), 0 hit(s), 0 error(s), 0 left on base; Virginia Beach 2 - St. Albert 2
TOP OF THE 4TH
Virginia Beach Deuces batting - Pitching for St. Albert Prodigy : RHP John Ashley
Batting: RHB Travis Brumback 0-0: Ball
1-0: Called Strike
1-1: Ball
2-1: Ball
3-1: Base on Balls
Pitching: RHP Joaquín Costello
Batting: RHB Álex Escobar 0-0: Called Strike
0-1: Ball
1-1: Grounds into double play, 6-4-3 (Groundball, 6)
Batting: RHB Armando Hernández 0-0: Ball
1-0: Called Strike
1-1: Called Strike
1-2: Strikes out swinging
Top of the 4th over - 0 run(s), 0 hit(s), 0 error(s), 0 left on base; Virginia Beach 2 - St. Albert 2
BOTTOM OF THE 4TH
St. Albert Prodigy batting - Pitching for Virginia Beach Deuces : LHP Jim Unknown
Now at 2B: Maurice Evans
Batting: SHB Monte Adams 0-0: Ground out 6-3 (Groundball, 6)
Batting: RHB Larry Mason 0-0: Swinging Strike
0-1: Ball
1-1: Called Strike
1-2: Ball
2-2: Ball
3-2: Base on Balls
Batting: RHB Mario Zuziela 0-0: Swinging Strike
0-1: Ball
1-1: Ball
2-1: Ball
3-1: Base on Balls
Larry Mason to second
Batting: RHB Harrison Blackford 0-0: Called Strike
0-1: Ball
1-1: Fly out, F8 (Line Drive, 8RM)
Batting: LHB Abel Kelly 0-0: Called Strike
0-1: Ball
1-1: Swinging Strike
1-2: Ground out 4-3 (Groundball, 4)
Bottom of the 4th over - 0 run(s), 0 hit(s), 0 error(s), 2 left on base; Virginia Beach 2 - St. Albert 2
TOP OF THE 5TH
Virginia Beach Deuces batting - Pitching for St. Albert Prodigy : RHP Joaquín Costello
Batting: RHB Orlando Sánchez 0-0: Ball
1-0: Called Strike
1-1: Foul Ball, location: 2F
1-2: Ground out U3 (Groundball, 3S)
Batting: SHB Mike Bell 0-0: Ball
1-0: Ground out 4-3 (Groundball, 4)
Batting: RHB Maurice Evans 0-0: Ball
1-0: Called Strike
1-1: Ball
2-1: Foul Ball, location: 2F
2-2: Fly out, F7 (Flyball, 7LM)
Top of the 5th over - 0 run(s), 0 hit(s), 0 error(s), 0 left on base; Virginia Beach 2 - St. Albert 2
BOTTOM OF THE 5TH
St. Albert Prodigy batting - Pitching for Virginia Beach Deuces : LHP Jim Unknown
Batting: RHB Anthony Trujillo 0-0: Ball
1-0: Foul Ball, location: 2F
1-1: Called Strike
1-2: Ball
2-2: Ball
3-2: Ground out 5-3 (Groundball, 5S)
Batting: RHB Jim Unknown 0-0: Ball
1-0: Foul Ball, location: 2F
1-1: Fly out, F7 (Flyball, 7D)
Batting: RHB Bruce Reiser 0-0: Foul Ball, location: 2F
0-1: Ground out 6-3 (Groundball, 6)
Bottom of the 5th over - 0 run(s), 0 hit(s), 0 error(s), 0 left on base; Virginia Beach 2 - St. Albert 2
TOP OF THE 6TH
Virginia Beach Deuces batting - Pitching for St. Albert Prodigy : RHP Joaquín Costello
Batting: RHB Roosevelt Gibson 0-0: Fly out, F5 (Popup, 15)
Batting: SHB Daryl Lloyd 0-0: Called Strike
0-1: Ball
1-1: Swinging Strike
1-2: Fly out, F8 (Flyball, 78M)
Batting: LHB Álex Burgos 0-0: Foul Ball, location: 2F
0-1: Ball
1-1: Ball
2-1: Swinging Strike
2-2: Strikes out looking
Top of the 6th over - 0 run(s), 0 hit(s), 0 error(s), 0 left on base; Virginia Beach 2 - St. Albert 2
BOTTOM OF THE 6TH
St. Albert Prodigy batting - Pitching for Virginia Beach Deuces : LHP Jim Unknown
Batting: RHB Bernardo Burgos 0-0: Swinging Strike
0-1: Foul Ball, location: 2F
0-2: Ball
1-2: Ball
2-2: Ground out 5-3 (Groundball, 5)
Batting: SHB Monte Adams 0-0: Fly out, F9 (Flyball, 9LM)
Batting: RHB Larry Mason 0-0: Called Strike
0-1: Called Strike
0-2: Ball
1-2: Ball
2-2: Fly out, F5 (Line Drive, 5S)
Bottom of the 6th over - 0 run(s), 0 hit(s), 0 error(s), 0 left on base; Virginia Beach 2 - St. Albert 2
TOP OF THE 7TH
Virginia Beach Deuces batting - Pitching for St. Albert Prodigy : RHP Joaquín Costello
Pitching: RHP Mike Russell
Pinch Hitting: LHB Enrique González 0-0: Ball
1-0: Ball
2-0: Swinging Strike
2-1: Ball
3-1: Reached on error, E4 (Groundball, 34)
Batting: RHB Álex Escobar 0-0: Foul Ball, location: 2F
0-1: Ball
1-1: Ball
2-1: Ball
3-1: Fly out, F8 (Flyball, 8LM)
Pinch Hitting: RHB Jim Unknown 0-0: Intentional Walk
Pinch Hitting: RHB Héctor Camacho 0-0: Foul Ball, location: 2F
0-1: Ball
1-1: Called Strike
1-2: Strikes out swinging
Batting: SHB Mike Bell 0-0: Ball
1-0: Swinging Strike
1-1: Ball
2-1: Fly out, F5 (Line Drive, 56S)
Top of the 7th over - 0 run(s), 0 hit(s), 1 error(s), 2 left on base; Virginia Beach 2 - St. Albert 2
BOTTOM OF THE 7TH
St. Albert Prodigy batting - Pitching for Virginia Beach Deuces : LHP Jim Unknown
Now at 1B: Jim Unknown
Now in LF: Enrique González
Now in RF: Héctor Camacho
Batting: RHB Mario Zuziela 0-0: Swinging Strike
0-1: Swinging Strike
0-2: Ball
1-2: Foul Ball, location: 2F
1-2: Strikes out looking
Batting: RHB Harrison Blackford 0-0: Called Strike
0-1: Ball
1-1: Fly out, F7 (Line Drive, 7S)
Batting: LHB Abel Kelly 0-0: Ball
1-0: SINGLE (Line Drive, 9S)
Batting: RHB Anthony Trujillo 0-0: SINGLE (Groundball, 6M) (infield hit)
Abel Kelly to second
Batting: RHB Jim Unknown 0-0: Ball
1-0: Swinging Strike
1-1: Ball
2-1: Foul Ball, location: 2F
2-2: Ball
3-2: SINGLE (Groundball, 4MD)
Abel Kelly to third
Anthony Trujillo to second
Abel Kelly scores
Anthony Trujillo to third
Batting: RHB Bruce Reiser 0-0: SINGLE (Flyball, 8RS)
Anthony Trujillo scores
Jim Unknown to second
Batting: RHB Bernardo Burgos 0-0: Ball
1-0: Called Strike
1-1: Ball
2-1: SINGLE (Groundball, 4M)
Jim Unknown to third
Bruce Reiser to second
Runner from 3rd tries for Home, SAFE, no throw or cutoff
Pitching: RHP José Guzmán
Batting: SHB Monte Adams 0-0: Swinging Strike
0-1: Reached on error, E4 (Groundball, 4)
Bruce Reiser to third
Bernardo Burgos to second
Pinch Hitting: LHB John Rahilly 0-0: Called Strike
0-1: Swinging Strike
0-2: Ball
1-2: Ball
2-2: Foul Ball, location: 2F
2-2: Fly out, F9 (Flyball, 9M)
Bottom of the 7th over - 3 run(s), 5 hit(s), 1 error(s), 3 left on base; Virginia Beach 2 - St. Albert 5
TOP OF THE 8TH
Virginia Beach Deuces batting - Pitching for St. Albert Prodigy : RHP Mike Russell
Now at 1B: John Rahilly
Batting: RHB Maurice Evans 0-0: Foul Ball, location: 2F
0-1: Fly out, F6 (Popup, 6D)
Batting: RHB Roosevelt Gibson 0-0: Called Strike
0-1: Ball
1-1: Foul Ball, location: 2F
1-2: Ball
2-2: Ball
3-2: SINGLE (Line Drive, 8LS)
Pitching: RHP Jeff Wright
Batting: SHB Daryl Lloyd 0-0: Ball
1-0: 2-RUN HOME RUN (Flyball, 89XD), Distance : 418 ft
Pitching: LHP Manuel Ortíz
Batting: LHB Álex Burgos 0-0: Called Strike
0-1: Ball
1-1: Called Strike
1-2: Strikes out swinging
Batting: LHB Enrique González 0-0: Ball
1-0: Swinging Strike
1-1: Swinging Strike
1-2: Ball
2-2: Foul Ball, location: 2F
2-2: Foul Ball, location: 2F
2-2: Foul Ball, location: 2F
2-2: Ball
3-2: Foul Ball, location: 2F
3-2: Ground out 5-3 (Groundball, 56)
Top of the 8th over - 2 run(s), 2 hit(s), 0 error(s), 0 left on base; Virginia Beach 4 - St. Albert 5
BOTTOM OF THE 8TH
St. Albert Prodigy batting - Pitching for Virginia Beach Deuces : RHP José Guzmán
Batting: RHB Mario Zuziela 0-0: Ball
1-0: Ground out 6-3 (Groundball, 6M)
Batting: RHB Harrison Blackford 0-0: Called Strike
0-1: Ball
1-1: Ball
2-1: Foul Ball, location: 2F
2-2: Strikes out swinging
Batting: LHB Abel Kelly 0-0: Ball
1-0: Ball
2-0: Ground out 6-3 (Groundball, 56)
Bottom of the 8th over - 0 run(s), 0 hit(s), 0 error(s), 0 left on base; Virginia Beach 4 - St. Albert 5
TOP OF THE 9TH
Virginia Beach Deuces batting - Pitching for St. Albert Prodigy : LHP Manuel Ortíz
Pitching: LHP Zach Williams Jr.
Batting: RHB Álex Escobar 0-0: Ball
1-0: Called Strike
1-1: Ball
2-1: Ground out 6-3 (Groundball, 6)
Batting: RHB Jim Unknown 0-0: Ball
1-0: Foul Ball, location: 2F
1-1: Called Strike
1-2: Ball
2-2: Foul Ball, location: 2F
2-2: Ball
3-2: Strikes out swinging, 2-3 out at first.
Batting: RHB Héctor Camacho 0-0: Foul Ball, location: 2F
0-1: Swinging Strike
0-2: Ball
1-2: Ball
2-2: Foul Ball, location: 2F
2-2: Fly out, F3 (Popup, 3F)
Top of the 9th over - 0 run(s), 0 hit(s), 0 error(s), 0 left on base; Virginia Beach 4 - St. Albert 5
This league is powered by Out of the Park Baseball, the baseball management simulation game for PC, Mac and Linux
Monday, May 4th, 2015 - OOTP Baseball 15.6 Build 34